Map: Simulacrum LE

Players

Cyanine - Winner!

  • Race: Terran Terran
  • League: Grandmaster
  • Spawn Location: 11:00

A.I. 1 (Very Easy)

  • Race: Terran Terran
  • Spawn Location: 5:00

VOD

Have the link to the VOD?

Description

Time

  • Played on: April 3, 2020, 2:28 p.m.
  • Length: 12:50
Show
View Real Time Build Order
Export as new Build Order

Cyanine Terran - Winner!

Build Orders:  

Get SALT Encoding   

  12  0:00  SCV  
  13  0:12  SCV  
  14  0:17  Supply Depot  
  14  0:25  SCV  
  15  0:30  Refinery  
  15  0:38  SCV  
  16  0:45  Barracks  
  16  0:50  SCV  
  16  0:55  Refinery  
  17  1:02  SCV  
  18  1:15  SCV  
  19  1:32  Reaper, Orbital Command  
  20  1:36  Factory  
  20  1:44  Supply Depot  
  20  1:59  SCV  
  21  2:04  Reaper  
  22  2:11  SCV  
  23  2:19  Hellion  
  25  2:25  Command Center  
  25  2:28  SCV  
  26  2:36  Barracks Reactor  
  26  2:40  Factory Tech Lab  
  26  2:42  Starport  
  26  2:45  SCV  
  26  2:50  Supply Depot  
  27  3:01  SCV  
  28  3:06  Cyclone  
  31  3:13  SCV  
  31  3:16  Marine  
  31  3:17  Marine  
  34  3:25  Medivac  
  34  3:26  SCV  
  37  3:28  Refinery  
  37  3:34  Marine x2  
  37  3:38  SCV, Orbital Command  
  40  3:43  Cyclone  
  43  3:50  SCV  
  43  3:53  Marine x2  
  46  3:57  Starport Tech Lab  
  46  4:03  SCV  
  46  4:07  SCV  
  48  4:11  Marine, Supply Depot  
  48  4:15  SCV  
  48  4:16  Raven  
  52  4:19  SCV  
  52  4:27  SCV  
  52  4:28  Marine  
  54  4:32  Marine  
  54  4:33  Siege Tank, SCV  
  59  4:39  SCV  
  59  4:43  Supply Depot  
  59  4:45  SCV  
  61  4:51  SCV  
  62  4:59  Command Center  
  62  5:04  Marine x2  
  62  5:05  SCV x2  
  66  5:07  Supply Depot  
  66  5:08  Raven  
  68  5:17  Siege Tank, SCV  
  68  5:18  SCV  
  73  5:22  Marine x2  
  73  5:28  Barracks  
  75  5:29  Barracks, SCV  
  74  5:37  SCV  
  74  5:39  Supply Depot  
  74  5:41  SCV  
  76  5:44  Marine x2  
  76  5:49  Siege Tank  
  81  5:51  Refinery  
  81  5:53  Engineering Bay  
  81  5:54  Engineering Bay  
  81  5:57  SCV  
  82  5:59  SCV  
  83  6:11  Orbital Command  
  83  6:19  Stimpack, Barracks  
  83  6:20  Barracks Reactor x2, Barracks  
  83  6:25  Viking  
  85  6:30  Viking  
  87  6:34  Marine  
  87  6:35  Orbital Command  
  87  6:37  Terran Infantry Weapons Level 1  
  87  6:39  Terran Infantry Armor Level 1  
  86  6:44  Siege Tank  
  86  6:46  SCV x2  
  91  6:52  Marine  
  92  6:55  Viking  
  92  7:00  Viking  
  92  7:01  SCV x2  
  98  7:03  Marine x3, SCV  
  98  7:04  Marine  
  103  7:10  Marine  
  103  7:11  Factory  
  103  7:15  SCV x3  
  107  7:17  Barracks Reactor x2  
  107  7:22  Marine x2  
  107  7:29  Supply Depot  
  109  7:30  Refinery, Supply Depot  
  109  7:32  Refinery  
  109  7:36  Supply Depot x2  
  109  7:51  Marine x4, Viking x2, SCV x2  
  117  7:52  SCV  
  117  7:53  Supply Depot  
  117  7:54  Supply Depot  
  121  7:59  Factory Tech Lab  
  121  8:00  Supply Depot  
  121  8:05  SCV x3  
  124  8:06  Marine  
  124  8:07  Marine x4  
  124  8:11  Armory  
  128  8:18  Supply Depot  
  128  8:20  Marine, Sensor Tower  
  128  8:21  Marine x3  
  128  8:23  Medivac x2  
  128  8:25  Siege Tank  
  139  8:31  Siege Tank  
  139  8:33  SCV x3  
  145  8:37  Marine x4  
  145  8:39  Marine  
  150  8:48  Command Center  
  150  8:51  SCV x2  
  150  8:53  Combat Shield  
  152  9:02  Marine x9  
  161  9:19  Siege Tank x2  
  161  9:22  Marine  
  161  9:23  Marine x5  
  173  9:26  Supply Depot  
  173  9:27  Supply Depot  
  173  9:38  Terran Infantry Weapons Level 2, Terran Infantry Armor Level 2  
  173  9:47  Marine x2  
  173  9:52  SCV x3  
  179  9:53  Siege Tank  
  179  9:54  Medivac x2, Siege Tank  
  179  9:56  Marine  
  179  9:59  Marine x5  
  194  10:00  Terran Vehicle Weapons Level 1  
  194  10:02  Supply Depot  
  194  10:03  Supply Depot  
  194  10:12  Sensor Tower  
  194  10:24  Refinery  
  194  10:25  Siege Tank, Refinery  
  194  10:26  Siege Tank  
  194  10:28  Starport x2  
  200  10:30  Armory  
  200  10:31  Planetary Fortress  
  200  10:42  Command Center  
  200  11:39  Starport Reactor x2  
  200  11:45  Fusion Core, Starport x2  
  200  12:24  Sensor Tower  
  200  12:29  Starport Reactor x2  
Show
View Real Time Build Order
Export as new Build Order

A.I. 1 (Very Easy) Terran 

Build Orders: Reaper Expand 

Get SALT Encoding   

  12  0:00  SCV  
  13  0:13  SCV  
  14  0:18  Supply Depot  
  14  0:42  Barracks  
  14  1:03  Command Center  
  14  1:32  Marine, Supply Depot, Orbital Command  
  15  1:38  Refinery  
  15  1:50  Refinery  
  15  1:58  SCV  
  16  2:10  SCV  
  16  2:15  SCV  
  18  2:18  Reaper  
  18  2:22  SCV  
  20  2:29  SCV  
  21  2:36  SCV  
  22  2:44  SCV  
  23  2:51  SCV  
  24  2:58  Refinery, SCV  
  25  3:05  SCV  
  26  3:06  Marine  
  26  3:12  SCV  
  28  3:19  SCV  
  29  3:22  Factory  
  29  3:45  Refinery  
  29  3:46  SCV  
  30  3:53  SCV  
  30  3:55  Marine  
  32  3:56  Supply Depot  
  32  4:00  SCV  
  33  4:08  Starport, SCV  
  34  4:13  Barracks Tech Lab  
  34  4:15  SCV  
  35  4:22  SCV  
  33  4:29  SCV  
  31  4:33  Hellion  
  31  4:38  SCV  
  26  4:45  SCV  
  23  4:46  Starport Tech Lab  
  20  4:59  SCV  
  21  5:01  Hellion  
  21  5:05  Raven  
  24  5:11  SCV  
  23  5:31  Hellion  
  25  5:35  Command Center  
  25  5:38  Supply Depot  
  24  5:47  SCV  
  25  5:59  SCV  
  25  6:00  Hellion  
  28  6:11  SCV  
  23  6:29  Hellion  
  18  6:46  Raven, SCV  
  16  6:57  Hellion  
  16  6:58  SCV  
  10  7:11  SCV  
  6  7:23  SCV  
  6  7:26  Marauder  
  8  7:34  Command Center  
  8  7:35  SCV  
  7  7:47  SCV  
  6  7:56  Factory  
  6  7:59  SCV  
  6  8:34  SCV  
  6  8:46  SCV  
  6  8:52  SCV  
  4  8:58  SCV  
  2  9:18  SCV  
  2  9:49  SCV  
  3  10:09  SCV  
  4  10:26  SCV  
  5  10:38  SCV  
  6  11:26  SCV  
  3  11:38  SCV  
Tags
 
Matchup
TvT
Race
Terran
Spawn Locations
Cross Positions
Add a new tag
Caveats
  • Supply blocks, unpowered buildings, or Contaminate may cause inaccurate times.
  • Supply counts are checked every 10 seconds.